 Dungeon Crawl Stone Soup version 0.28.0-47-ge53b351184 (webtiles) character file.

Game seed: 2525239044139856818

289 styxcanada the Covert (level 6, -2/30 HPs)
             Began as a Spriggan Brigand on Apr 25, 2022.
             Was an Initiate of Gozag.
             Killed from afar by an orc wizard (6 damage)
             ... with a magic dart
             ... on level 5 of the Dungeon.
             The game lasted 00:13:36 (3456 turns).

styxcanada the Covert (Spriggan Brigand)            Turns: 3456, Time: 00:13:36

Health: -2/30      AC:  8    Str:  7    XL:     6   Next: 9%
Magic:  10/10      EV: 17    Int: 13    God:    Gozag
Gold:   348        SH:  0    Dex: 18    Spells: 6/9 levels left

rFire   . . .      SeeInvis +   a - +2 dagger
rCold   . . .      Faith    .   (no shield)
rNeg    . . .      Spirit   .   b - +0 robe
rPois   .          Reflect  .   (helmet restricted)
rElec   .          Harm     .   c - +1 cloak
rCorr   .          Rampage  .   (gloves unavailable)
Will    +....                   (boots unavailable)
Stlth   ++++......              (no amulet)
HPRegen 0.10/turn               o - +4 ring of protection
MPRegen 0.12/turn               (no ring)

@: very quick
A: very small, no large weapons, unfitting armour, see invisible, speed 3
a: Renounce Religion, Potion Petition, Call Merchant, Bribe Branch


You were on level 5 of the Dungeon.
You worshipped Gozag.
Gozag was aware of your devotion.
You visited 1 branch of the dungeon, and saw 5 of its levels.

You collected 385 gold pieces.
You paid 37 gold pieces to Gozag.

Inventory:

Hand Weapons
 a - a +2 dagger (weapon)
 r - a +0 hunting sling
Missiles
 d - 7 poisoned darts (quivered)
 e - 2 curare-tipped darts
 m - 64 stones
Armour
 b - a +0 robe (worn)
 c - a +1 cloak (worn)
Jewellery
 o - a +4 ring of protection (left hand)
 q - a ring of flight
Wands
 g - a wand of iceblast (10)
Scrolls
 p - a scroll of acquirement {unknown}
Potions
 f - a potion of flight
 h - 3 potions of curing
 i - a potion of resistance {unknown}
 j - a potion of mutation {unknown}
 k - a potion of ambrosia {unknown}
 l - a potion of berserk rage {unknown}
 n - a potion of brilliance {unknown}
 t - a potion of degeneration {unknown}
 u - a potion of attraction {unknown}


   Skills:
 * Level 2.2 Fighting
 + Level 2.6 Short Blades
 + Level 2.3 Throwing
 * Level 2.4 Dodging
 * Level 8.4 Stealth
 * Level 2.0 Spellcasting
 * Level 0.7 Conjurations
 * Level 1.2 Hexes
 * Level 0.7 Ice Magic
 * Level 1.1 Air Magic
 * Level 0.1 Evocations


You had 6 spell levels left.
You knew the following spells:

 Your Spells              Type           Power      Damage    Failure   Level
a - Shock                 Conj/Air       12%        1d3       17%         1
b - Ensorcelled Hibernat  Hex/Ice        6%         N/A       26%         2

Your spell library contained the following spells:

 Spells                   Type           Power      Damage    Failure   Level
 Swiftness                Air            4%         N/A       43%         3
 Spider Form              Tmut/Pois      1%         N/A       58%         3
 Airstrike                Air            2%         N/A       85%         4
 Anguish                  Hex/Necr       1%         N/A       89%         4


Dungeon Overview and Level Annotations

Branches:
Dungeon (5/15)             Temple (0/1) D:4

Altars:
Dithmenos
Fedhas
Gozag
Trog
Uskayaw


Innate Abilities, Weirdness & Mutations

You are very small and have problems with some larger weapons.
You are too small for most types of armour.
You have supernaturally acute eyesight. (SInv)
You cover ground extremely quickly. (Speed+++)


Message History

The worm is moderately wounded.
You hit the worm but do no damage. You punch the worm.
The worm is heavily wounded.
The orc wizard points at you and mumbles some strange words.
The puff of flame hits you.
A dart slug comes into view.
The worm barely misses you.
You hit the worm.
The worm is heavily wounded.
You hit the worm.
The worm is severely wounded.
The worm bites you.
You hit the worm but do no damage. You punch the worm.
The worm is severely wounded.
The orc wizard gestures at you while chanting.
You resist with almost no effort. The worm bites you.
You hit the worm but do no damage.
The worm is severely wounded.
You completely miss the worm.
The worm is severely wounded.
The dart slug launches a dart at you. The slug dart misses you.
The worm barely misses you.
You hit the worm.
The worm is severely wounded.
You hit the worm.
The worm is almost dead.
The orc wizard casts a spell.
The orc wizard flickers and vanishes for a moment.
The worm bites you.
You hit the worm but do no damage.
The worm is severely wounded.
The orc wizard casts a spell at you. The magic dart hits you!
* * * LOW HITPOINT WARNING * * *
You hit the worm but do no damage.
The worm is severely wounded.
The orc wizard points at you and mumbles some strange words.
The magic dart hits you.
You die...
Your body crumbles into a pile of gold.

........##
.........#
).wo.....#
≈≈≈≈.≈≈o.#
.....§§..#
..≈.≈.≈≈≈.≈§.#
#.≈.≈...≈.≈w.#
#.≈.≈._.≈.≈@.#
#.≈)≈...≈.≈.##
#.≈.≈≈≈≈≈.§.#
#.≈....§..≈.#
#.≈≈≈§≈≈§§≈.#
#.......§...#
##.#...######
#....## ###.##


You could see a worm, an orc wizard (invisible) and a dart slug.

Vanquished Creatures
  An ogre (D:4)
  2 iguanas
  A hound skeleton (D:4)
  4 adders
  A worm (D:2)
  2 dart slugs (D:1)
  2 orcs
  8 bats
  5 endoplasms
  4 giant cockroaches
  6 hobgoblins
  7 jackals
  6 kobolds
  2 quokkas
  4 ball pythons
  2 frilled lizards
  8 goblins
  5 rats
70 creatures vanquished.

Vanquished Creatures (collateral kills)
  A bullfrog skeleton (D:4)
  An orc (D:4)
2 creatures vanquished.

Vanquished Creatures (others)
  2 fungi (D:3)
2 creatures vanquished.

Grand Total: 74 creatures vanquished

Notes
Turn   | Place    | Note
-------+----------+-------------------------------------------
     0 | D:1      | styxcanada the Spriggan Brigand began the quest for the
                  | Orb.
     0 | D:1      | Reached XP level 1. HP: 10/10 MP: 2/2
    32 | D:1      | Reached skill level 6 in Stealth
    57 | D:1      | Reached XP level 2. HP: 14/14 MP: 3/3
   888 | D:2      | Reached skill level 7 in Stealth
   890 | D:2      | Learned a level 1 spell: Shock
   949 | D:2      | Reached XP level 3. HP: 18/18 MP: 4/4
  1474 | D:2      | Reached skill level 1 in Spellcasting
  1554 | D:2      | Reached XP level 4. HP: 21/23 MP: 6/6
  1747 | D:2      | You fall into a shaft and drop 1 floor!
  1964 | D:3      | Found a blossoming altar of Fedhas.
  2134 | D:3      | Found an opulent altar of Gozag.
  2135 | D:3      | Found a shadowy altar of Dithmenos.
  2142 | D:3      | Became a worshipper of Gozag Ym Sagoz the Greedy
  2175 | D:3      | Learned a level 2 spell: Ensorcelled Hibernation
  2606 | D:3      | Found a faded altar of an unknown god.
  2749 | D:4      | Noticed an ogre
  2773 | D:4      | Killed an ogre
  2774 | D:4      | Reached skill level 8 in Stealth
  2774 | D:4      | Reached XP level 5. HP: 26/26 MP: 5/8
  2855 | D:4      | Reached skill level 1 in Hexes
  2857 | D:4      | Found a staircase to the Ecumenical Temple.
  3121 | D:4      | Found a hide-covered altar of Uskayaw.
  3256 | D:4      | Reached skill level 1 in Air Magic
  3341 | D:5      | Entered Level 5 of the Dungeon
  3343 | D:5      | Reached XP level 6. HP: 30/30 MP: 10/10
  3430 | D:5      | Found a bloodstained altar of Trog.
  3456 | D:5      | Killed from afar by an orc wizard

Illustrated notes

Levels and vault maps discovered:
D:1:      nzn_arrival_settlement, layout_rooms, minivault_25,
          kennysheep_crisscross
D:2:      layout_basic, minmay_cupped
D:3:      layout_basic, chequers_temple_overflow_statue_of_worship,
          mainiacjoe_overflow_cross_hatched,
          shapermc_ecumenical_altar_hornbeckon
D:4:      layout_cave_pools, nicolae_uskayaw_suspiria,
          minmay_temple_entry_arrows
D:5:      layout_rooms, mainiacjoe_overflow_boulevard,
          mainiacjoe_overflow_concentric_impassable, hangedman_decor_push,
          nicolae_underground_beach

Skill      XL: |  1  2  3  4  5 |
---------------+----------------+-----
Stealth        | 6 7 8 |  8.4
Spellcasting   | 1 2 |  2.0
Dodging        | 2 |  2.4
Fighting       | 2 |  2.2
Hexes          | 1 |  1.2
Air Magic      | 1 |  1.1
Short Blades   | |  2.6
Throwing       | |  2.3
Conjurations   | |  0.7
Ice Magic      | |  0.7
Evocations     | |  0.1

Action                   |  1- 3 |  4- 6 || total
-------------------------+-------+-------++-------
Melee: Dagger            |   110 |    90 ||   200
       Punch             |     1 |     3 ||     4
Throw: Dart              |    11 |    19 ||    30
  Use: Scroll            |     1 |     7 ||     8
 Stab: Sleeping          |    15 |    11 ||    26
Armor: Robe              |    18 |    15 ||    33
Dodge: Dodged            |    76 |    48 ||   124
